 Dungeon Crawl Stone Soup version 0.29-a0-878-g7b45a56547 (webtiles) character file.

Game seed: 177407028866317294

1184 RepoMan the Jinx (level 8, -2/43 HPs)
             Began as a Deep Elf Arcane Marksman on July 20, 2022.
             Killed from afar by a manticore (10 damage)
             ... with a volley of spikes
             ... on level 6 of the Dungeon.
             The game lasted 00:52:17 (6589 turns).

RepoMan the Jinx (Deep Elf Arcane Marksman)         Turns: 6589, Time: 00:52:18

Health: -2/43      AC:  4    Str:  7    XL:     8   Next: 19%
Magic:  3/13       EV: 15    Int: 23    God:
Gold:   128        SH:  0    Dex: 17    Spells: 4/12 levels left

rFire   . . .      SeeInvis .   y - +2 sling
rCold   . . .      Faith    .   (no shield)
rNeg    . . .      Spirit   .   a - +2 robe {Will+}
rPois   .          Reflect  .   (no helmet)
rElec   .          Harm     .   (no cloak)
rCorr   .          Rampage  .   (no gloves)
Will    +....                   (no boots)
Stlth   ++........              f - amulet of Cikem {RegenMP Int+4}
HPRegen 0.14/turn               (no ring)
MPRegen 0.53/turn               (no ring)

@: spiked
A: no striking features
a: no special abilities


You were on level 6 of the Dungeon.
You visited 2 branches of the dungeon, and saw 7 of its levels.
You also visited: Sewer.

You collected 128 gold pieces.

Inventory:

Hand Weapons
 d - a +0 dagger
 y - a +2 sling (weapon)
Missiles
 c - 2 silver javelins
Armour
 a - a +2 robe of willpower (worn)
 k - a +2 scale mail of poison resistance
Jewellery
 f - the amulet of Cikem (around neck) {RegenMP Int+4}
   (You took it off a hobgoblin on level 3 of the Dungeon)

   [amulet of magic regeneration]

   It increases your rate of magic regeneration.
   Int:       It affects your intelligence (+4).
Wands
 h - a wand of charming (1)
Scrolls
 b - a scroll of magic mapping
 e - a scroll of teleportation
 i - a scroll of blinking {unknown}


   Skills:
 + Level 1.4 Fighting
 * Level 7.6 Ranged Weapons
 + Level 5.7 Dodging
 - Level 3.0 Stealth
 + Level 2.5 Spellcasting
 + Level 8.2 Hexes
 - Level 2.0 Fire Magic


You had 4 spell levels left.
You knew the following spells:

 Your Spells              Type           Power      Damage    Failure   Level
f - Cause Fear            Hex            20%        N/A       4%          4
i - Inner Flame           Hex/Fire       26%        N/A       4%          3
w - Slow                  Hex            100%       N/A       1%          1

Your spell library contained the following spells:

 Spells                   Type           Power      Damage    Failure   Level
 Portal Projectile        Hex/Tloc       42%        N/A       7%          3
 Sublimation of Blood     Necr           2%         N/A       19%         2
 Petrify                  Tmut/Erth      2%         N/A       77%         4
 Summon Lightning Spire   Summ/Air       2%         N/A       77%         4
 Irradiate                Conj/Tmut      1%         3d12      98%         5
 Storm Form               Tmut/Air       1%         N/A       100%        7
 Maxwell's Capacitive Co  Air            1%         ∞         100%        8


Dungeon Overview and Level Annotations

Branches:
Dungeon (6/15)             Temple (1/1) D:6           Sewer (visited)

Altars:
Ashenzari
Cheibriados
Dithmenos
Elyvilon
Fedhas
Makhleb
Nemelex Xobeh
Okawaru
Qazlal
Ru
Trog
Uskayaw
Vehumet
Wu Jian
Xom
Yredelemnul
Zin
The Shining One

Annotations:
D:1 exclusion: downstairs
D:2 exclusion: downstairs
D:3 1 transporter, exclusion: white imp, Ijyb; pikkel's ghost, amateur FoFi
D:4 exclusion: downstairs
D:5 2 transporters, exclusion: downstairs, pikkel's ghost, novice OpFE
D:6 3 runed translucent doors, Maggie; raistware's ghost, novice HuCj


Message History

Confirm with . or Enter, or press ? or * to list all spells.
Casting: Cause Fear (dangerous; 4% risk of failure)
Press: ? - help, Dir - look around, f - activate
Okay, then.
Unknown command.
Aiming: Charm
Press: ? - help, Shift-Dir - straight line, f - manticore
Aim: a manticore (chance to affect: 31%)
Okay, then.
Unknown command.
Okay, then.
Unknown command.
Casting: Cause Fear (dangerous; 4% risk of failure)
Confirm with . or Enter, or press ? or * to list all spells.
Casting: Cause Fear (dangerous; 4% risk of failure)
Press: ? - help, Dir - look around, f - activate Look: a manticore (chance to affect: 60%)
The manticore resists with almost no effort.
The manticore flicks its tail.
The volley of spikes hits you!
The barbed spikes become lodged in your body.
* * * LOW HITPOINT WARNING * * *
You hear a shout!
Unknown command.
Casting: Cause Fear (dangerous; 4% risk of failure)
Confirm with . or Enter, or press ? or * to list all spells.
You don't have enough magic to cast this spell.
Unknown command.
Unknown command.
You aren't carrying any potions.
Okay, then.
Unknown command.
Aiming: Charm
Press: ? - help, Shift-Dir - straight line, f/p - manticore
Aim: a manticore (chance to affect: 31%)
The manticore easily resists.
The manticore flicks its tail.
The volley of spikes hits you!
The barbed spikes become lodged in your body.
You die...

.....O......#.##....#.#.# #.#
###.##..##.##.##....#.#.#######..
#...............................
#..##..##.##.##....#.#.#######.#
#..##..##.##.................#.#
.......?......##....#.#....#..#<#
##...............................
##g##..#####.......)§..##.#....#
####..#@...§)...........
...........#§#.####..###
....H.#....#.#.####..###
...........#.#..........
..).....................
####.##....#.#.####..### #.
#..............### #
..................
................###


You could see a manticore.

Vanquished Creatures
  2 ogres
  A black bear (D:5)
  A centaur (D:5)
  A bullfrog (D:6)
  A scorpion (D:6)
  2 necrophages (D:5)
  2 wights (D:6)
  4 orc priests
  A jelly (D:6)
  Terence (D:2)
  5 orc wizards
  An iguana (D:5)
  4 gnolls (D:6)
  5 adders
  4 worms
  2 dart slugs
  9 orcs
  11 ball pythons
  5 bats
  7 endoplasms
  A giant cockroach (D:1)
  2 goblins
  15 hobgoblins
  6 kobolds
  5 quokkas
  3 frilled lizards
  3 rats
104 creatures vanquished.

Vanquished Creatures (others)
  3 plants (D:1)
3 creatures vanquished.

Grand Total: 107 creatures vanquished

Notes
Turn   | Place    | Note
-------+----------+-------------------------------------------
     0 | D:1      | RepoMan the Deep Elf Arcane Marksman began the quest for
                  | the Orb.
     0 | D:1      | Reached XP level 1. HP: 11/11 MP: 5/5
   419 | D:1      | Reached XP level 2. HP: 16/16 MP: 6/6
   452 | D:1      | Found a faded altar of an unknown god.
  1433 | D:2      | Reached XP level 3. HP: 9/20 MP: 7/7
  1953 | D:2      | Noticed Terence
  2025 | D:2      | Killed Terence
  2077 | D:2      | Reached XP level 4. HP: 24/24 MP: 8/8
  2523 | D:3      | Noticed Ijyb
  2568 | D:3      | Noticed a phantom
  3315 | D:3      | Identified the amulet of Cikem {RegenMP Int+4}
  3389 | D:3      | Found a transporter.
  3393 | D:3      | Noticed pikkel's ghost (amateur FoFi)
  3466 | D:4      | Reached skill level 5 in Ranged Weapons
  3589 | D:4      | Reached skill level 1 in Stealth
  3691 | D:4      | Found a glowing drain.
  3710 | D:4      | Reached skill level 5 in Hexes
  3727 | Sewer    | Entered a sewer
  4068 | D:4      | Reached XP level 5. HP: 28/28 MP: 9/9
  4445 | D:5      | Entered Level 5 of the Dungeon
  4502 | D:5      | Noticed an ogre
  4703 | D:5      | Noticed a black bear
  4779 | D:5      | Killed a black bear
  4780 | D:5      | Reached XP level 6. HP: 33/33 MP: 10/10
  4815 | D:5      | Found a transporter.
  4817 | D:5      | Found a transporter.
  4818 | D:5      | Noticed pikkel's ghost (novice OpFE)
  4863 | D:5      | Learned a level 3 spell: Inner Flame
  4868 | D:5      | Learned a level 4 spell: Cause Fear
  4998 | D:5      | Reached skill level 6 in Hexes
  5152 | D:5      | Reached skill level 1 in Fire Magic
  5188 | D:5      | Reached XP level 7. HP: 17/37 MP: 9/11
  5201 | D:5      | Reached skill level 7 in Hexes
  5477 | D:6      | Found a runed translucent gate.
  5477 | D:6      | Found a runed translucent gate.
  5478 | D:6      | Found a runed translucent gate.
  5480 | D:6      | Noticed raistware's ghost (novice HuCj)
  5552 | D:6      | Noticed Maggie
  5576 | D:6      | Found a staircase to the Ecumenical Temple.
  5584 | Temple   | Entered the Ecumenical Temple
  5891 | D:6      | Reached skill level 5 in Dodging
  6187 | D:6      | Reached skill level 8 in Hexes
  6232 | D:6      | Reached skill level 1 in Fighting
  6269 | D:6      | Reached XP level 8. HP: 21/43 MP: 11/13
  6581 | D:6      | Noticed a manticore
  6589 | D:6      | Killed from afar by a manticore

Illustrated notes

Levels and vault maps discovered:
D:1:      denvon_arrival_planthouse, layout_loops_ring,
          shapermc_ecumenical_altar_mp_urbaneastern
D:2:      layout_basic, grunt_ministairs_3, chequers_serial_rivers_small_b,
          dk_vineyard_2, nicolae_elevator_lobby_asterisk, uniq_terence
D:3:      layout_loops_ring, gammafunk_ghost_stat_death,
          hangedman_feature_mirror, kennysheep_generic_room_7, uniq_ijyb,
          uniq_crazy_yiuf_cottage, uniq_grinder
D:4:      layout_basic, cheibrodos_sewer_entry_bend
D:5:      layout_gridville, gammafunk_ghost_hive
D:6:      minmay_cornered_nines, layout_basic, minmay_temple_entry_sparse_star,
          biasface_ghost_orc_armoury, uniq_maggie
Temple:   dpeg_five_rooms_temple

Skill      XL: |  1  2  3  4  5  6  7 |
---------------+----------------------+-----
Ranged Weapons | 3 4 5 6 7 |  7.6
Dodging        | 3 4 5 |  5.7
Stealth        | 1 2 3 |  3.0
Hexes          | 5 6 8 |  8.2
Fire Magic     | 1 2 |  2.0
Fighting       | 1 |  1.4
Spellcasting   | 2 |  2.5

Action                   |  1- 3 |  4- 6 |  7- 9 || total
-------------------------+-------+-------+-------++-------
Melee: Dagger            |     1 |       |       ||     1
       Unarmed           |       |    18 |       ||    18
 Fire: Sling             |   136 |   181 |    74 ||   391
Throw: Javelin           |       |     3 |       ||     3
 Cast: Slow              |    29 |    62 |    30 ||   121
       Inner Flame       |       |     1 |     9 ||    10
       Cause Fear        |       |       |     4 ||     4
Evoke: Wand              |       |    11 |    14 ||    25
  Use: Scroll            |       |     9 |     1 ||    10
       Potion            |       |     4 |     3 ||     7
 Stab: Sleeping          |     1 |       |       ||     1
Armor: Robe              |    21 |     7 |    10 ||    38
       Skin              |       |    32 |       ||    32
Dodge: Dodged            |    47 |    57 |    13 ||   117

Table legend: (Time is in decaauts)
 A = Elapsed time spent in this place.
 B = Non-inter-level travel time spent in this place.
 C = Inter-level travel time spent in this place.
 D = Time resting spent in this place.
 E = Time spent auto-exploring this place.
 F = Levels seen in this place.
 G = Mean time per level.
                   A        B        C        D        E       F      G
               +--------+--------+--------+--------+--------+-----+--------+
         Total |   6640 |   6407 |    233 |   1738 |   1726 |   8 |  830.0 |
       Dungeon |   6446 |   6213 |    233 |   1705 |   1726 |   6 | 1074.3 |
        Temple |    183 |    183 |      0 |     33 |      0 |   1 |  183.0 |
         Sewer |     10 |     10 |      0 |      0 |      0 |   1 |   10.0 |
               +--------+--------+--------+--------+--------+-----+--------+

Top non-repeatable levels by time:
     D:2: 1713 daAuts
     D:1: 1208 daAuts
     D:4: 1043 daAuts
     D:5: 1029 daAuts
     D:6: 877 daAuts
     D:3: 573 daAuts
  Temple: 183 daAuts
   Sewer: 10 daAuts
